 Dungeon Crawl Stone Soup version 0.27.1-34-g3ba077fa99 (webtiles) character file.

Game seed: 17967107672087801035

8196 LLlMATKO the Basher (level 11, -1/99 HPs)
             Began as a Minotaur Berserker on Jan 9, 2022.
             Was an Elder of Trog.
             Succumbed to a hornet's poison
             ... on level 9 of the Dungeon.
             The game lasted 00:12:24 (14087 turns).

LLlMATKO the Basher (Minotaur Berserker)           Turns: 14087, Time: 00:12:25

Health: -1/99      AC:  9    Str: 21    XL:     11   Next: 6%
Magic:  10/10      EV: 14    Int:  4    God:    Trog [****..]
Gold:   302        SH:  6    Dex: 14    Spells: 10/10 levels left

rFire    + . .     SeeInvis .   H - +1 flail (drain)
rCold    + . .     Faith    .   c - +0 buckler
rNeg     . . .     Spirit   .   k - +0 scale mail
rPois    .         Reflect  .   B - +1 hat {Stlth+}
rElec    .         Harm     .   E - scarf {rC+ rF+}
rCorr    .         Rampage  .   (no gloves)
Will     .....                  (no boots)
Stlth    +.........             (no amulet)
HPRegen  0.26/turn              (no ring)
MPRegen  0.12/turn              (no ring)

@: lethally poisoned (-1 -> -9), on berserk cooldown, slowed, very slow
A: horns 2, retaliatory headbutt
a: Renounce Religion, Berserk, Trog's Hand, Brothers in Arms


You were on level 9 of the Dungeon.
You worshipped Trog.
Trog was greatly pleased with you.
You visited 1 branch of the dungeon, and saw 9 of its levels.

You collected 302 gold pieces.

Inventory:

Hand Weapons
 y - a +0 morningstar
 H - a +1 flail of draining (weapon)
 I - a +0 hand crossbow
Missiles
 j - 87 bolts
 o - 2 javelins
 r - 24 poisoned darts (quivered)
 u - 3 throwing nets
 C - 5 curare-tipped darts
Armour
 c - a +0 buckler (worn)
 k - a +0 scale mail (worn)
 z - a +0 cloak of preservation
 B - a +1 hat of stealth (worn)
 E - a scarf of resistance (worn)
Wands
 w - a wand of polymorph (21)
 D - a wand of acid (7)
Scrolls
 b - 3 scrolls of fear {unknown}
 d - 7 scrolls of teleportation {unknown}
 e - 2 scrolls of noise {unknown}
 f - 5 scrolls of enchant armour {unknown}
 g - a scroll of brand weapon {unknown}
 h - a scroll of torment {unknown}
 l - 4 scrolls of vulnerability {unknown}
 m - 4 scrolls of enchant weapon {unknown}
 s - 10 scrolls of identify {unknown}
 t - 2 scrolls of holy word {unknown}
 x - 2 scrolls of magic mapping {unknown}
 G - a scroll of blinking {unknown}
 J - 2 scrolls of acquirement {unknown}
Potions
 a - 2 potions of brilliance {unknown}
 i - a potion of cancellation {unknown}
 n - 2 potions of attraction {unknown}
 p - 5 potions of curing {unknown}
 q - 2 potions of degeneration {unknown}
 v - 3 potions of heal wounds {unknown}
 A - 3 potions of lignification {unknown}
 F - a potion of flight {unknown}


   Skills:
 + Level 9.9 Fighting
 + Level 9.9 Maces & Flails
 + Level 1.5 Crossbows
 + Level 9.5 Armour
 + Level 8.7 Dodging
 + Level 9.1 Shields


You had 10 spell levels left.
You didn't know any spells.
Your spell library was empty.

Dungeon Overview and Level Annotations

Branches:
Dungeon (9/15)             Temple (0/1) D:4
   Lair: D:8-11         Orc: D:9-12

Altars:
Ashenzari
Cheibriados
Dithmenos
Elyvilon
Hepliaklqana
Zin

Shops:
D:8 =:**


Innate Abilities, Weirdness & Mutations

You have a pair of horns on your head.
You reflexively headbutt those who attack you in melee.


Message History

* * * LOW HITPOINT WARNING * * *
You suddenly lose the ability to move!
You feel very sick. The hornet stings you.
* * * LOW HITPOINT WARNING * * *
You feel as though you will be slow longer.
The hornet stings you but does no damage.
You feel very sick.
An orc wizard comes into view. It is wielding a +0 dagger.
The hornet barely misses you.
A black bear comes into view.
You feel sick.
The black bear growls angrily.
The hornet stings you.
* * * LOW HITPOINT WARNING * * *
You are lethally poisoned!
You feel as though you will be slow longer.
The hornet stings you but does no damage.
You can move again.
Unknown command.
Unknown command.
You sock the hornet!
You feel the power of Trog in you as your rage grows.
You kill the hornet!
Trog accepts your kill.
* * * LOW HITPOINT WARNING * * *
You feel very sick.
You are too berserk!
* * * LOW HITPOINT WARNING * * *
You feel very sick. The bullfrog hits you.
* * * LOW HITPOINT WARNING * * *
You feel a strong urge to attack something.
* * * LOW HITPOINT WARNING * * *
You feel sick.
You are too berserk!
You are no longer berserk.
You are exhausted.
You feel as though you will be slow longer.
You die...

#.. .....##.###.#.###.#
#.# ##...#.###.#.....#
#.# ###......:##.......#
#.###..................#
<.....###.#.(.#..##..#.#
#.##### #.#####..##.##.#
#.#######.# #........#
#.........## #.###.##.#
########...# #.@.F....#
#.....# #####.####
#.......# #s#
#.........# .Y.
+.......).+ ..(..
#........P...P.o.##
##.......P.h....##
##.P..PPPP..P..P
P..P....


You could see a bullfrog.

Vanquished Creatures
  Gastronok (D:8)
  A two-headed ogre (D:7)
  A troll (D:6)
  A hornet (D:9)
  Prince Ribbit (D:6)
  Sigmund (D:3)
  A wyvern (D:8)
  10 yaks
  A steam dragon (D:4)
  Edmund (D:5)
  3 water moccasins
  An ice beast (D:8)
  A sky beast (D:5)
  2 orc warriors
  4 ogres
  2 black bears
  2 centaurs
  A phantom (D:6)
  2 kobold brigands
  A gnoll sergeant (D:5)
  A bullfrog (D:8)
  4 scorpions
  A water moccasin zombie (D:7)
  11 killer bees
  A centaur zombie (D:8)
  3 hounds
  3 bullfrog skeletons
  6 orc priests
  2 bullfrog zombies (D:5)
  A gnoll shaman (D:7)
  2 iguanas (D:6)
  5 orc wizards
  A hound skeleton (D:4)
  A howler monkey zombie (D:7)
  8 adders
  8 gnolls
  A white imp (D:5)
  2 adder skeletons (D:4)
  A worm (D:2)
  3 dart slugs
  15 orcs
  10 bats
  6 endoplasms
  A giant cockroach (D:1)
  3 goblins
  2 hobgoblins
  A quokka (D:1)
  7 ball pythons
  3 frilled lizards
  16 kobolds
  5 rats
172 creatures vanquished.

Vanquished Creatures (others)
  15 fungi (D:9)
  8 plants (D:9)
23 creatures vanquished.

Grand Total: 195 creatures vanquished

Notes
Turn   | Place    | Note
-------+----------+-------------------------------------------
     0 | D:1      | LLlMATKO the Minotaur Berserker began the quest for the
                  | Orb.
     0 | D:1      | Reached XP level 1. HP: 19/19 MP: 0/0
   266 | D:1      | Reached XP level 2. HP: 27/27 MP: 1/1
   836 | D:1      | Reached skill level 1 in Shields
  2056 | D:2      | Reached XP level 3. HP: 33/33 MP: 2/2
  2208 | D:2      | Found a faded altar of an unknown god.
  2581 | D:2      | Reached ** piety under Trog
  2836 | D:3      | Reached XP level 4. HP: 30/40 MP: 3/3
  2929 | D:3      | You fall into a shaft and drop 1 floor!
  2988 | D:4      | Identified the +3 dagger "Yffazoeni" {vorpal, Contam
                  | Fragile rPois Int+5}
  3042 | D:3      | Noticed Sigmund
  3050 | D:3      | Killed Sigmund
  3051 | D:3      | Reached XP level 5. HP: 25/47 MP: 4/4
  3051 | D:3      | Reached XP level 6. HP: 30/55 MP: 5/5
  3676 | D:3      | Found a glowing silver altar of Zin.
  3885 | D:3      | Found a glowing silver altar of Zin.
  4275 | D:4      | Reached skill level 5 in Maces & Flails
  4313 | D:4      | Found a staircase to the Ecumenical Temple.
  4426 | D:4      | Reached skill level 5 in Fighting
  4573 | D:4      | Noticed a steam dragon
  4588 | D:4      | Killed a steam dragon
  4809 | D:4      | Reached XP level 7. HP: 53/61 MP: 6/6
  5144 | D:4      | Found a staircase to the Ecumenical Temple.
  5443 | D:5      | Entered Level 5 of the Dungeon
  5553 | D:5      | Reached skill level 5 in Armour
  6406 | D:5      | Reached skill level 5 in Dodging
  6406 | D:5      | Reached XP level 8. HP: 58/70 MP: 7/7
  6532 | D:5      | Noticed Edmund
  6546 | D:5      | Killed Edmund
  6547 | D:5      | Reached skill level 5 in Shields
  8616 | D:6      | Reached *** piety under Trog
  8724 | D:6      | Found a shadowy altar of Dithmenos.
  8727 | D:6      | Noticed Prince Ribbit
  8868 | D:6      | Reached XP level 9. HP: 68/79 MP: 8/8
  8920 | D:6      | Killed Prince Ribbit
  9267 | D:6      | Found a hazy altar of Hepliaklqana.
  9271 | D:6      | Found a broken altar of Ashenzari.
  9304 | D:6      | Noticed a troll
  9312 | D:6      | Killed a troll
  9789 | D:6      | Found a hazy altar of Hepliaklqana.
  9792 | D:6      | Found a shadowy altar of Dithmenos.
  9793 | D:6      | Found a broken altar of Ashenzari.
 10197 | D:7      | Found a snail-covered altar of Cheibriados.
 10237 | D:7      | Noticed a two-headed ogre
 10244 | D:7      | Killed a two-headed ogre
 10245 | D:7      | Reached XP level 10. HP: 90/90 MP: 9/9
 10826 | D:7      | Found a white marble altar of Elyvilon.
 11198 | D:7      | Found a white marble altar of Elyvilon.
 11466 | D:7      | Found a snail-covered altar of Cheibriados.
 11934 | D:8      | Found Juidiol's Overcharged Wands.
 12196 | D:8      | Found Vootat's Assorted Antiques.
 12435 | D:8      | Noticed Gastronok
 12459 | D:8      | Killed Gastronok
 12495 | D:8      | Found Kuke's Jewellery Shoppe.
 12606 | D:8      | Reached **** piety under Trog
 13033 | D:8      | Found Wieje's Book Shop.
 13284 | D:8      | Found Vootat's Assorted Antiques.
 13284 | D:8      | Found Juidiol's Overcharged Wands.
 13428 | D:8      | Found Kuke's Jewellery Shoppe.
 13682 | D:8      | Found Wieje's Book Shop.
 13887 | D:9      | Reached skill level 1 in Crossbows
 14058 | D:9      | Reached XP level 11. HP: 98/99 MP: 10/10
 14080 | D:9      | Paralysed by a hornet for 3 turns
 14085 | D:9      | HP: 5/148 [poisoned by a hornet]
 14085 | D:9      | HP: 2/148 [bullfrog (3)]
 14087 | D:9      | Succumbed to a hornet's poison

Illustrated notes

Levels and vault maps discovered:
D:1:      minmay_arrival_stair_chambers, layout_basic
D:2:      layout_basic, hellmonk_ecumenical_altar_lost_god, minmay_tripent
D:3:      layout_basic, lemuel_crystal_altar, uniq_sigmund
D:4:      layout_basic, minmay_temple_entry_overgrown
D:5:      kennysheep_six_static_rooms, layout_basic, serial_co_window_serial,
          co_window_paths_a, co_window_paths_a, co_window_paths_a,
          co_window_corner_a, co_window_paths_a, co_window_paths_b,
          co_window_paths_a, co_window_of_opportunity_c, co_window_paths_c,
          co_window_of_opportunity_c, co_window_2corner, co_window_broadway_c,
          co_window_unsneaky_path_e, co_window_paths_e, glass_columns_a,
          glass_columns_c, glass_columns_b, uniq_edmund
D:6:      layout_basic, grunt_temple_overflow_open, st_stairs_13,
          uniq_prince_ribbit1
D:7:      layout_basic, elyvilon_altar_3, kennysheep_slug_shrine,
          minmay_microvault
D:8:      layout_cave_pods, serial_shops, nicolae_lakefront_shop,
          nicolae_take_the_stairs, shop_fountains, serial_bayou_pond_d,
          nicolae_shop_overcharged_wands, uniq_gastronok
D:9:      layout_loops_corners, jmf_multi_god_temple2,
          due_lair_maze_entry_diamond, serial_shops, shop, uniq_maurice

Skill      XL: |  1  2  3  4  5  6  7  8  9 10 |
---------------+-------------------------------+-----
Shields        | 1 2 3 4 6 7 9 |  9.1
Fighting       | 4 5 6 7 8 9 |  9.9
Maces & Flails | 4 5 6 7 8 9 |  9.9
Armour         | 3 4 5 6 8 9 |  9.5
Dodging        | 3 4 5 6 7 8 |  8.7
Crossbows      | 1 |  1.5

Action                   |  1- 3 |  4- 6 |  7- 9 | 10-12 || total
-------------------------+-------+-------+-------+-------++-------
Melee: Mace              |    68 |     8 |       |       ||    76
       Headbutt          |    13 |    14 |    37 |    41 ||   105
       Flail             |       |    55 |    13 |   132 ||   200
       Morningstar       |       |       |    64 |       ||    64
       Dire flail        |       |       |    88 |    28 ||   116
Throw: Javelin           |     2 |     3 |       |       ||     5
       Dart              |       |     1 |    28 |    34 ||    63
Invok: Berserk           |       |     3 |     4 |     3 ||    10
 Stab: Sleeping          |     1 |       |       |       ||     1
Armor: Animal skin       |     1 |       |       |       ||     1
       Scale mail        |    25 |    18 |    44 |    40 ||   127
Dodge: Dodged            |    43 |    37 |    71 |    67 ||   218
Block: Buckler           |    13 |     8 |    16 |    31 ||    68
